woodfighter, chaotic female sylph Ranger . %------ --.....| |....?.| -.s@- |.CC| ---..--- |.%...<| - |.--.- |.||. |.|--- |.- -. . -. |. --- woodfighter the Scout Experience level: 14 Strength: 16 Dexterity: 17 Constitution: 16 Intelligence: 14 Wisdom: 14 Charisma: 8 Health: 0(89) Energy: 93(93) Def: 17 Gold: 0 Moves: 21593 Dungeon seed: GnD6QXT2gU9NtTNJ Game ID: woodfighter_1471770248 Your Inventory: Amulets H - an uncursed amulet of reflection (being worn) Weapons a - a blessed +2 bow (weapon in hand) b - 65 blessed +2 arrows (in quiver) c - 38 +0 arrows E - 14 +0 arrows F - 8 +0 silver arrows R - 4 cursed -1 arrows Armor i - a blessed +2 pair of leather gloves n - a blessed fireproof +3 cloak of magic resistance (being worn) t - a blessed +4 Hawaiian shirt (being worn) Y - an uncursed +0 elven shield (being worn) Comestibles o - 4 uncursed C-rations I - 3 uncursed food rations K - an uncursed clove of garlic L - 2 uncursed cram rations U - 3 uncursed fortune cookies Z - an uncursed lizard corpse Wands T - a wand of digging (0:6) Tools j - an uncursed brass lantern (0:639) q - a +0 unicorn horn s - an uncursed sack y - an uncursed skeleton key O - an uncursed brass lantern (0:1480) X - a +0 pick-axe Gems r - a blessed luckstone Contents of the sack: 393 gold pieces a cursed amulet of restful sleep an uncursed lizard corpse an uncursed scroll of fire 3 uncursed scrolls of identify 3 uncursed scrolls of remove curse 2 uncursed scrolls of scare monster an uncursed scroll of teleportation an uncursed scroll of water an uncursed spellbook of extra healing an uncursed spellbook of fireball an uncursed spellbook of jumping an uncursed spellbook of sleep an uncursed potion of see invisible an uncursed ring of conflict a wand of cold (0:3) a wand of digging (0:4) a wand of fire (0:6) a wand of fire (0:4) a wand of polymorph (0:3) a wand of teleportation (0:6) Spells and supernatural/magical abilities: Name Level Category Fail Memory a - force bolt 1 attack 94% 89% I - identify 3 divination 100% 89% W - pray for help -- divine ? -- Your skills at the end: Miscellaneous Skills shield [Basic] wands [Basic] Weapon Skills dagger [Basic] bow [Expert] Spellcasting Skills Final Attributes: You were piously aligned. You were poison resistant. You were magic-protected. You saw invisible. You had automatic searching. You had infravision. You were displaced. You were stealthy. You were protected. You were protected from shape changers. You were fast. You had reflection. You were very lucky. You had extra luck. Good luck did not time out for you. You are dead. Vanquished creatures: 5 white dragons a minotaur 34 baby white dragons 2 vampire lords 4 vampires 10 ghosts 2 giant mimics an ogre king a rock troll a doppelganger a wumpus a long worm a stalker a water elemental 2 black nagas 3 giant zombies a small mimic a warhorse 2 xans 4 ettin mummies 2 ogre lords 5 trolls 3 pyrolisks a large dog a freezing sphere a flaming sphere 2 shocking spheres a large cat 2 tigers a gargoyle a dwarf king 2 tengu 2 gelatinous cubes a chameleon 2 crocodiles a leocrotta 2 energy vortices 13 mountain centaurs 2 elf mummies 3 human mummies a red naga 9 wraiths 4 ettin zombies a leather golem 6 soldiers a giant beetle 3 cockatrices 2 wolves 3 winter wolf cubs a panther 20 leprechauns 2 quivering blobs a spotted jelly 5 lizards a mumak 6 giant spiders 16 scorpions 4 ice vortices 3 black lights a vampire bat 37 forest centaurs 5 gnome kings 2 dwarf mummies 6 ogres 2 brown puddings a rust monster 4 owlbears 8 hunters 4 dingos 2 housecats 3 jaguars a dwarf lord 3 blue jellies 2 water nymphs a white unicorn 2 dust vortices 3 ravens 8 plains centaurs a gnome mummy 2 snakes 10 human zombies 2 rope golems 8 Woodland-elves 2 imps a baby crocodile 6 wood nymphs 6 Mordor orcs a rock mole a rock piercer 2 ponies 3 fog clouds 4 yellow lights 4 shriekers a violet fungus 15 gnome lords 6 gnomish wizards 3 kobold mummies a red naga hatchling 5 gray oozes a barrow wight 8 elf zombies 7 ghouls a straw golem 7 giant ants 7 little dogs 12 floating eyes 3 kittens 24 dwarves a homunculus 3 kobold shamans 4 iguanas 2 hill orcs 3 rothes 2 rabid rats a centipede 5 giant bats 10 monkeys 8 orc zombies 13 dwarf zombies 4 wererats 3 werejackals 11 killer bees 2 coyotes 4 gas spores 7 hobbits 2 acid blobs 2 large kobolds 5 geckos 2 hobgoblins 4 giant rats 5 cave spiders a yellow mold 2 green molds a red mold 65 gnomes 4 garter snakes 17 manes 7 gnome zombies 9 jackals a kobold 6 newts 3 goblins 2 sewer rats 11 grid bugs 11 bats 9 lichens 6 kobold zombies 722 creatures vanquished. Voluntary challenges: You were vegetarian. You had followed a strict vegan diet until turn 3936. You had been an atheist until turn 2718. You used a wielded weapon 21 times, starting on turn 3707. You did not apply a unicorn horn. You read items or engraved 25 times, starting on turn 9285. You never genocided any monsters. You never polymorphed an object. You never changed form. You completed Sokoban on turn 7012, according to the rules. You used 1 wish, starting on turn 9297. You did not wish for any artifacts. You never split a pudding. You never wrote Elbereth's name. You violated your moral code, losing 3 points of alignment, starting on turn 6716. Dungeon overview: The Dungeons of Doom: levels 1 to 16 Level 1 a fountain, a sink a long staircase Level 2 (vault) Level 3 a general store Level 4 a general store stairs to The Gnomish Mines Level 5 (vault) some fountains Level 6 a sink Level 7 Level 8 an altar to Mars Level 9 many fountains Level 10 (open water) stairs to Sokoban Level 11 a fountain Level 12 many fountains Level 13 (big room) many fountains Level 14 Level 15 (rogue, quest) portal to The Quest Level 16 The Gnomish Mines: levels 5 to 13 Level 5 stairs to The Dungeons of Doom Level 6 Level 7 many shops, a temple to Venus, a magic chest, some fountains, a sink Level 8 Level 9 Level 10 Level 11 Level 12 Level 13 a magic chest, some fountains The Quest: levels 1 to 5 Level 1 a magic chest, many trees portal to The Dungeons of Doom Level 2 many trees Level 3 Level 4 Level 5 <- You were here Sokoban: levels 6 to 9 Level 6 a magic chest Level 7 Level 8 Level 9 a magic chest stairs to The Dungeons of Doom History has recorded: On T:1 you entered the Dungeons of Doom to retrieve the Amulet of Yendor! On T:48 you reached level 2 of The Dungeons of Doom. On T:319 you reached level 3 of The Dungeons of Doom. On T:661 you reached level 4 of The Dungeons of Doom. On T:795 you advanced to experience level 2. On T:1055 you reached level 1 of The Gnomish Mines. On T:1233 you reached level 5 of The Dungeons of Doom. On T:1386 you advanced to experience level 3. On T:1443 you reached level 6 of The Dungeons of Doom. On T:1626 you advanced to experience level 4. On T:1859 you reached level 7 of The Dungeons of Doom. On T:2318 you advanced to experience level 5. On T:2459 you reached level 8 of The Dungeons of Doom. On T:2722 you advanced to experience level 6. On T:2973 you reached level 9 of The Dungeons of Doom. On T:3212 you reached level 10 of The Dungeons of Doom. On T:3215 you advanced to experience level 7. On T:3648 you reached level 11 of The Dungeons of Doom. On T:3688 you reached level 4 of Sokoban. On T:3829 you opened a magic chest. On T:3844 you opened a magic chest. On T:4181 you opened a magic chest. On T:4492 you reached level 3 of Sokoban. On T:5232 you advanced to experience level 8. On T:5270 you reached level 2 of Sokoban. On T:5817 you reached level 1 of Sokoban. On T:7012 you advanced to experience level 9. On T:7012 you entered the Sokoban zoo. On T:7167 you opened a magic chest. On T:7285 you opened a magic chest. On T:8382 you reached level 3 of The Gnomish Mines. On T:9074 you entered the Minetown temple On T:9100 you opened a magic chest. On T:9102 you opened a magic chest. On T:9136 you opened a magic chest. On T:9139 you opened a magic chest. On T:9140 you opened a magic chest. On T:9218 you opened a magic chest. On T:9282 you opened a magic chest. On T:9293 you opened a magic chest. On T:9294 you opened a magic chest. On T:9295 you opened a magic chest. On T:9297 you wished for "+3 greased fixed blessed cloak of magic resistance". On T:9299 you opened a magic chest. On T:9301 you opened a magic chest. On T:9507 you reached level 4 of The Gnomish Mines. On T:9580 you reached level 5 of The Gnomish Mines. On T:9954 you reached level 6 of The Gnomish Mines. On T:10228 you reached level 7 of The Gnomish Mines. On T:10235 you reached level 8 of The Gnomish Mines. On T:10781 you advanced to experience level 10. On T:10899 you reached level 9 of The Gnomish Mines. On T:10899 you reached the bottom of the Mines. On T:10997 you opened a magic chest. On T:10998 you opened a magic chest. On T:10999 you opened a magic chest. On T:11577 you opened a magic chest. On T:12062 you opened a magic chest. On T:12062 you opened a magic chest. On T:12063 you opened a magic chest. On T:12063 you opened a magic chest. On T:12094 you opened a magic chest. On T:12097 you opened a magic chest. On T:12100 you opened a magic chest. On T:12128 you opened a magic chest. On T:12129 you opened a magic chest. On T:12758 you opened a magic chest. On T:12759 you opened a magic chest. On T:12775 you opened a magic chest. On T:12797 you opened a magic chest. On T:12797 you opened a magic chest. On T:12830 you opened a magic chest. On T:12830 you opened a magic chest. On T:12860 you opened a magic chest. On T:13012 you opened a magic chest. On T:13012 you opened a magic chest. On T:13012 you opened a magic chest. On T:13012 you opened a magic chest. On T:13871 you opened a magic chest. On T:13871 you opened a magic chest. On T:13872 you opened a magic chest. On T:14027 you opened a magic chest. On T:14332 you opened a magic chest. On T:14334 you opened a magic chest. On T:14334 you opened a magic chest. On T:14334 you opened a magic chest. On T:14894 you opened a magic chest. On T:14896 you opened a magic chest. On T:14897 you opened a magic chest. On T:14906 you opened a magic chest. On T:14913 you opened a magic chest. On T:14916 you opened a magic chest. On T:15032 you reached level 12 of The Dungeons of Doom. On T:15338 you reached level 14 of The Dungeons of Doom. On T:15386 you reached level 15 of The Dungeons of Doom. On T:15623 you reached level 13 of The Dungeons of Doom. On T:15660 you advanced to experience level 11. On T:16430 you opened a magic chest. On T:16432 you opened a magic chest. On T:16434 you opened a magic chest. On T:17853 you reached level 16 of The Dungeons of Doom. On T:17979 you advanced to experience level 12. On T:18642 you opened a magic chest. On T:18645 you opened a magic chest. On T:18646 you opened a magic chest. On T:18646 you opened a magic chest. On T:18647 you opened a magic chest. On T:19070 you opened a magic chest. On T:19095 you opened a magic chest. On T:19096 you opened a magic chest. On T:19176 you opened a magic chest. On T:19177 you opened a magic chest. On T:19211 you opened a magic chest. On T:19212 you opened a magic chest. On T:19238 you opened a magic chest. On T:19243 you opened a magic chest. On T:19244 you opened a magic chest. On T:19246 you opened a magic chest. On T:19250 you opened a magic chest. On T:19250 you opened a magic chest. On T:19265 you opened a magic chest. On T:19268 you opened a magic chest. On T:19268 you opened a magic chest. On T:19337 you opened a magic chest. On T:19338 you advanced to experience level 13. On T:19339 you advanced to experience level 14. On T:19340 you opened a magic chest. On T:19788 you opened a magic chest. On T:19940 you reached level 1 of The Quest. On T:20326 you embarked upon an epic quest. On T:20331 you opened a magic chest. On T:20332 you opened a magic chest. On T:20332 you opened a magic chest. On T:20332 you opened a magic chest. On T:20333 you opened a magic chest. On T:20344 you reached level 2 of The Quest. On T:20649 you opened a magic chest. On T:20806 you reached level 3 of The Quest. On T:21321 you reached level 4 of The Quest. On T:21550 you reached level 5 of The Quest. Score breakdown: Gold: 393 ( 39 points) Experience: 14 levels ( 1300 points) Exploration: 19 levels ( 540 points) Discoveries: 41 items ( 2000 points) Variety of kills: 147 monsters ( 2000 points) Major goal: Sokoban/Mines ( 1500 points) Survival: died (score multiplied by 3) Total score: 22137 Latest messages: A trap door opens up under you! The mountain centaur picks up a small shield. The mountain centaur puts on a small shield. The mountain centaur hurls a potion of paralysis! The flagon crashes on your head and breaks into shards. Something seems to be holding you. The mountain centaur punches you! The mountain centaur kicks! (2x) The mountain centaur misses. The mountain centaur kicks! (2x) The mountain centaur punches you! The mountain centaur kicks! The mountain centaur misses. The mountain centaur just misses! The mountain centaur kicks! (2x) The scorpion claws you! The scorpion misses. The scorpion just misses! The mountain centaur punches you! The mountain centaur kicks! (2x) The mountain centaur punches you! The mountain centaur kicks! (2x) The mountain centaur punches you! The mountain centaur kicks! (2x) The mountain centaur punches you! The mountain centaur kicks! You die... Final status: Goodbye woodfighter the Ranger, killed by a mountain centaur, while frozen by potion vapours... You died in The Quest on dungeon level 5 with 22137 points, and 393 pieces of gold, after 21593 moves. You were level 14 with a maximum of 89 hit points when you died.